 Dungeon Crawl Stone Soup version 0.25-a0-42-g6c54e25894 (webtiles) character file.

Game seed: 13068058981000096007, levelgen mode: deterministic

49 Fingolfin the Skirmisher (level 3, 0/36 HPs)
             Began as a Hill Orc Monk on Oct 22, 2019.
             Slain by a bullfrog (1 damage)
             ... on level 2 of the Dungeon.
             The game lasted 00:02:23 (1259 turns).

Fingolfin the Skirmisher (Hill Orc Monk)            Turns: 1259, Time: 00:02:24

Health: 0/36       AC:  7    Str: 14    XL:     3   Next: 77%
Magic:  3/3        EV:  9    Int: 10    God:
Gold:   84         SH:  0    Dex: 13    Spells: 2/2 levels left

rFire    . . .     SeeInvis .   a - +0 hand axe
rCold    . . .     Gourm    .   (no shield)
rNeg     . . .     Faith    .   i - +0 scale mail
rPois    .         Spirit   .   (no helmet)
rElec    .         Reflect  .   (no cloak)
rCorr    .         Harm     .   g - +0 pair of gloves
MR       .....                  (no boots)
Stlth    ..........             (no amulet)
HPRegen  0.12/turn              (no ring)
MPRegen  0.08/turn              (no ring)

@: heavily drained
A: no striking features
a: no special abilities


You were on level 2 of the Dungeon.
You were not hungry.

You visited 1 branch of the dungeon, and saw 2 of its levels.

You collected 84 gold pieces.

Inventory:

Hand Weapons
 a - a +0 hand axe (weapon)
Armour
 g - a +0 pair of gloves (worn)
 i - a +0 scale mail (worn)
Scrolls
 b - a scroll of magic mapping {unknown}
 d - a scroll of identify {unknown}
 e - 2 scrolls of blinking {unknown}
 j - a scroll of fog {unknown}
Potions
 f - a potion of cancellation {unknown}
 h - a potion of berserk rage {unknown}
Comestibles
 c - 3 rations


   Skills:
 + Level 5.6(4.0) Fighting
 - Level 4.0(2.4) Axes
 - Level 2.4(0.9) Dodging
 - Level 1.5(0.1) Stealth


You had 2 spell levels left.
You didn't know any spells.
Your spell library was empty.

Dungeon Overview and Level Annotations

Branches:
Dungeon (2/15)

Altars:
Fedhas


Message History

The bullfrog hits you but does no damage.
The bullfrog hits you.
You slash the bullfrog!
The bullfrog is moderately wounded.
The bullfrog hits you.
* * * LOW HITPOINT WARNING * * *
You hit the bullfrog but do no damage.
The bullfrog is moderately wounded.
The bullfrog hits you.
* * * LOW HITPOINT WARNING * * *
The bullfrog hits you but does no damage.
You closely miss the bullfrog.
The bullfrog is moderately wounded.
The bullfrog hits you but does no damage.
The bullfrog hits you.
* * * LOW HITPOINT WARNING * * *
You slash the bullfrog!
The bullfrog is severely wounded.
The bullfrog hits you.
You die...

≈ ≈≈ ≈_≈ ≈.≈. ..)≈.
#.....################
.......†@............####
.......F.................
#.....##############..###
..[... ##.### ..... #.(##
..... ##.## ..<. #..#
.... ##.# #.#


You could see a bullfrog.

Vanquished Creatures
  An adder (D:2)
  A worm (D:2)
  2 dart slugs
  A leopard gecko (D:1)
  3 bats
  4 giant cockroaches
  4 goblins (D:1)
  2 hobgoblins
  4 jackals (D:2)
  4 kobolds
  4 rats (D:1)
30 creatures vanquished.

Notes
Turn   | Place    | Note
-------+----------+-------------------------------------------
     0 | D:1      | Fingolfin the Hill Orc Monk began the quest for the Orb.
     0 | D:1      | Reached XP level 1. HP: 19/19 MP: 1/1
   221 | D:1      | Reached skill level 4 in Fighting
   435 | D:1      | Reached XP level 2. HP: 27/27 MP: 2/2
  1004 | D:2      | Reached skill level 5 in Fighting
  1004 | D:2      | Reached XP level 3. HP: 27/36 MP: 3/3
  1250 | D:2      | Found a blossoming altar of Fedhas.
  1250 | D:2      | Noticed a bullfrog
  1258 | D:2      | HP: 1/36 [bullfrog (3)]
  1259 | D:2      | Slain by a bullfrog

Levels and vault maps discovered:
D:1:      lightli_arrival_maybe_door_vault, layout_loops_corners,
          minmay_pentomino_z4
D:2:      minmay_diamond_boxcup, layout_basic, fedhas_altar_2, uniq_robin

Skill      XL: |  1  2 |
---------------+-------+-----
Fighting       | 4 5 |  5.6
Axes           | |  4.0
Dodging        | |  2.4
Stealth        | |  1.5

Action                   || total
-------------------------++-------
Melee: Hand axe          ||   120
 Stab: Sleeping          ||     8
  Eat: Chunk             ||     1
Armor: Robe              ||     1
       Scale mail        ||    54
       Leather armour    ||     4
Dodge: Dodged            ||    72

Table legend:
 A = Non-vault XP
 B = Vault XP
 C = Vault XP percentage of total XP
 D = Non-vault monster count
 E = Vault monster count
 F = Vault count percentage of total count
                 A         B        C        D         E       F
            +---------+---------+-------+---------+---------+-------
      Total |      68 |       3 |   4.2 |      28 |       2 |   6.7
            +---------+---------+-------+---------+---------+-------
        D:1 |      28 |       3 |   9.7 |      15 |       2 |  11.8
        D:2 |      40 |       0 |   0.0 |      13 |       0 |   0.0
            +---------+---------+-------+---------+---------+-------
